 Dungeon Crawl Stone Soup version 0.20.1-1-g8b1a95d (webtiles) character file.

65 Gargoyl the Skirmisher (level 3, 0/27 HPs)
             Began as a Minotaur Abyssal Knight on July 14, 2017.
             Was a Follower of Lugonu.
             Slain by a quokka (1 damage)
             ... on level 2 of the Dungeon.
             The game lasted 00:02:48 (873 turns).

Gargoyl the Skirmisher (Minotaur Abyssal Knight)     Turns: 873, Time: 00:02:49

Health: 0/27       AC:  3    Str: 16    XL:     3   Next: 92%
Magic:  3/3        EV: 11    Int:  9    God:    Lugonu [*.....]
Gold:   80         SH:  0    Dex: 10    Spells: 2/2 levels left

rFire    . . .     SeeInvis .   a - +1 hand axe
rCold    + . .     Gourm    .   (no shield)
rNeg     . . .     Faith    .   b - +0 leather armour
rPois    .         Spirit   .   (helmet unavailable)
rElec    +         Reflect  .   (no cloak)
rCorr    .         Harm     .   (no gloves)
MR       .....                  (no boots)
Stlth    +.........             (no amulet)
Regen    0.1/turn               (no ring)
MPRegen  0.1/turn               (no ring)

@: lethally poisoned (0 -> -4)
A: retaliatory headbutt, horns 3, cold resistance 1, [frail 2], electricity
resistance, [no potion heal 2]
a: Depart the Abyss, Renounce Religion


You were on level 2 of the Dungeon.
You worshipped Lugonu.
Lugonu was aware of your devotion.
You were not hungry.

You visited 1 branch of the dungeon, and saw 2 of its levels.
You visited the Abyss 1 time.

You collected 80 gold pieces.

Inventory:

Hand Weapons
 a - a +1 hand axe (weapon)
Armour
 b - a +0 leather armour (worn)
Scrolls
 d - a scroll of identify
Potions
 e - a potion of heal wounds {unknown}
 g - 2 potions of berserk rage
Comestibles
 c - a bread ration
 h - a chunk of flesh


   Skills:
 + Level 4.7 Fighting
 + Level 3.1 Axes
 * Level 3.1 Armour
 + Level 1.3 Dodging
 * Level 2.1 Invocations


You had 2 spell levels left.
You didn't know any spells.

Dungeon Overview and Level Annotations

Branches:
Dungeon (2/15)

Altars:


Innate Abilities, Weirdness & Mutations

You reflexively headbutt those who attack you in melee.
You have a pair of large horns on your head.
Your flesh is cold resistant. (rC+)
You are resistant to electric shocks. (rElec)
[You are very frail. (-20% HP)]
[Potions are poor at restoring your health.]


Message History

You slash the adder!
The adder is severely wounded.
You hit the quokka but do no damage. You hit the adder. The adder bites you.
The adder barely misses you. The quokka bites you. The adder bites you.
Unknown command.
You slash the adder!
You kill the adder!
Lugonu accepts your kill.
Your Axes skill increases to level 3!
You miss the adder. You hit the quokka. The adder bites you.
* * * LOW HITPOINT WARNING * * *
You are poisoned.
The adder poisons you! The quokka bites you.
* * * LOW HITPOINT WARNING * * *
The adder barely misses you. You furiously retaliate!
You headbutt the adder!
You kill the adder!
Lugonu accepts your kill.
Your Armour skill increases to level 3!
The quokka bites you.
You die...

#.# ..
###.###
#.....##
####......##
......⌠....
###.....#
#....r@[#
#.......#
#.......#
#.......#
#.......#
#........+
#........#
#........#


You could see a quokka.

Vanquished Creatures
  2 adders (D:2)
  2 ufetubi (Abyss:1)
  A worm (D:2)
  A ball python (D:1)
  6 bats
  2 giant cockroaches (D:1)
  2 goblins (D:1)
  4 hobgoblins
  2 jackals (D:1)
  4 frilled lizards
  5 kobolds (D:1)
  A rat (D:2)
32 creatures vanquished.

Notes
Turn   | Place    | Note
-------+----------+-------------------------------------------
     0 | Abyss:1  | Gargoyl the Minotaur Abyssal Knight began the quest for the Orb.
     0 | Abyss:1  | Reached XP level 1. HP: 19/19 MP: 1/1
    49 | Abyss:1  | Reached skill level 4 in Fighting
   102 | Abyss:1  | Noticed a vampire
   145 | Abyss:1  | Gained mutation: You are resistant to electric shocks. (rElec) [potion of mutation]
   145 | Abyss:1  | Gained mutation: You have a pair of large horns on your head. [potion of mutation]
   145 | Abyss:1  | Gained mutation: Your flesh is cold resistant. (rC+) [potion of mutation]
   146 | Abyss:1  | Noticed a large abomination
   156 | Abyss:1  | Reached XP level 2. HP: 27/27 MP: 2/2
   161 | Abyss:1  | Noticed a wretched star
   162 | D:1      | Escaped the Abyss
   290 | D:1      | Reached * piety under Lugonu
   362 | D:1      | Reached XP level 3. HP: 27/27 MP: 3/3
   873 | D:2      | HP: 1/27 [quokka (5)]
   873 | D:2      | Slain by a quokka

Skill      XL: |  1  2  3 |
---------------+----------+-----
Fighting       | 4 |  4.7
Invocations    | 2 |  2.1
Axes           | 3 |  3.1
Armour         | 3 |  3.1
Dodging        | |  1.3

Action                   || total
-------------------------++-------
Melee: Hand axe          ||    74
       Headbutt          ||     9
Invok: Depart the Abyss  ||     1
  Use: Potion            ||     2
       Scroll            ||     4
Armor: Leather armour    ||    24
Dodge: Dodged            ||    54
